 Dungeon Crawl Stone Soup version 0.30-a0-840-ga523dec638 (webtiles) character file.

Game seed: 5141100454377347488

7594 Pimp the Protected (level 10, 0/138 HPs)
             Began as an Armataur Fighter on Mar 1, 2023.
             Was a High Priest of Okawaru.
             Succumbed to a gnoll sergeant's poison
             ... on level 9 of the Dungeon.
             The game lasted 00:21:36 (8821 turns).

Pimp the Protected (Armataur Fighter)               Turns: 8821, Time: 00:21:36

Health: 0/138      AC: 25    Str: 23      XL:     10   Next: 97%
Magic:  0/10       EV:  1    Int:  6 (9)  God:    Okawaru [*****.]
Gold:   402        SH:  0    Dex:  8 (12) Spells: 9/9 levels left

rFire   + + .      SeeInvis .    s - +7 quarterstaff "Ucholudd" {speed, *Noise rElec rF++ rCorr}
rCold   + . .      Faith    .    (shield currently unavailable)
rNeg    + . .      Spirit   +    (body armour currently unavailable)
rPois   +          Reflect  .    (helmet currently unavailable)
rElec   +          Harm     .    (cloak currently unavailable)
rCorr   +          Roll     +    (gloves currently unavailable)
Will    .....      Rage     3%   (no barding)
Stlth   +          NoTele   +    g - amulet of guardian spirit
HPRegen 0.43/turn                w - ring of protection from cold
MPRegen 0.12/turn                f - ring of positive energy

@: lethally poisoned (0 -> -14), tree-form, hasted, very quick
A: stationary, stasis, torment immunity, boosted hp, large, rugged brown scales
3, (deformed body), (armoured tail), roll, long tongue, awkward tongue,
(iridescent scales 1), berserk 1, inability to read after injury 1
a: Renounce Religion, Heroism, Finesse, Duel


You were on level 9 of the Dungeon.
You worshipped Okawaru.
Okawaru was extremely pleased with you.
You were a tree.
You visited 1 branch of the dungeon, and saw 9 of its levels.

You collected 532 gold pieces.
You spent 130 gold pieces at shops.

Inventory:

Hand Weapons
 a - a +0 war axe
 s - the +7 quarterstaff "Ucholudd" (weapon) {speed, *Noise rElec rF++ rCorr}
   (You found it on level 5 of the Dungeon)

   rF:        It greatly protects you from fire.
   rElec:     It insulates you from electricity.
   *Noise:    It may make noises in combat.
   rCorr:     It protects you from acid and corrosion.
Missiles
 l - 2 poisoned darts
Armour
 b - a +0 scale mail
 c - a +0 buckler
 j - a +0 pair of gloves (melded)
 o - a +4 plate armour (melded)
 r - a +0 helmet
 u - a +2 hat (melded)
Jewellery
 f - a ring of positive energy (right branch)
 g - an amulet of guardian spirit (around neck)
 p - a ring of fire
 w - a ring of protection from cold (left branch)
 y - a ring of magical power
 A - a ring of resist corrosion
Wands
 n - a wand of polymorph (6)
 q - a wand of flame (24) (quivered)
Scrolls
 e - 3 scrolls of immolation
 i - a scroll of identify
 v - a scroll of enchant weapon
Potions
 d - 3 potions of might
 h - a potion of ambrosia
 k - a potion of brilliance
 m - a potion of haste


   Skills:
 + Level 7.3 Fighting
 - Level 3.8 Axes
 * Level 7.8 Staves
 + Level 9.6 Armour
 + Level 4.2 Dodging
 + Level 8.7 Shields


You had 9 spell levels left.
You didn't know any spells.
Your spell library contained the following spells:

 Spells                   Type           Power      Damage    Failure   Level
 Kiss of Death            Conj/Necr      0%         2d5       45%         1
 Shock                    Conj/Air       0%         1d3       45%         1
 Confusing Touch          Hex            0%         N/A       83%         3
 Frozen Ramparts          Ice            0%         1d1       83%         3
 Gell's Gravitas          Tloc           0%         N/A       83%         3
 Swiftness                Air            0%         N/A       83%         3
 Teleport Other           Tloc           0%         N/A       83%         3
 Airstrike                Air            0%         2d(0-16)  99%         4
 Dispel Undead            Necr           0%         3d6       99%         4
 Ice Form                 Ice/Tmut       0%         N/A       99%         4
 Blade Hands              Tmut           0%         N/A       100%        5
 Irradiate                Conj/Tmut      0%         3d11      100%        5
 Dispersal                Tloc           0%         N/A       100%        6
 Dragon Form              Tmut           0%         N/A       100%        7
 Summon Ice Beast         Ice/Summ       Unusable   N/A       N/A         4

Dungeon Overview and Level Annotations

Branches:
Dungeon (9/15)             Temple (0/1) D:5            Lair (0/5) D:8
    Orc (0/2) D:9

Altars:
Okawaru
Qazlal
Sif Muna
Wu Jian
The Shining One

Shops:
D:1 (   D:5 *   D:6 :   D:8 **   D:9 ?


Innate Abilities, Weirdness & Mutations

You are a tree.
Your roots penetrate the ground, keeping you stationary.
You cannot be teleported.
You are immune to unholy pain and torment.
Your maximum health is greatly increased.
Your equipment is partially melded.
(You are completely covered in rugged brown scales. (AC +3, +7% HP))
((Armour fits poorly on your strangely shaped body.))
((You have a long armoured tail.))
You roll when moving toward enemies. (Rampage)
Your long tongue fully drains potion bottles. (2x potion effects)
Your tongue gives you trouble enunciating. (1.5x scroll delay)
((You are partially covered in iridescent scales. (AC +2)))
You sometimes lose your temper in combat.
You occasionally lose the ability to read scrolls when taking damage.


Message History

You feel very sick. The yak gores you but does no damage.
The gnoll hits you but does no damage. The troll completely misses you.
The troll claws you but does no damage. The troll claws you!
* * * LOW HITPOINT WARNING * * *
The gnoll sergeant completely misses you.
You sock the yak!
You hear a hideous screaming!
The yak is severely wounded.
* * * LOW HITPOINT WARNING * * *
You feel sick.
You hear a shout! x6
You sock the yak!
The yak is almost dead.
* * * LOW HITPOINT WARNING * * *
You feel sick. The yak gores you.
* * * LOW HITPOINT WARNING * * *
The gnoll hits you with a +0 whip.
* * * LOW HITPOINT WARNING * * *
The troll bites you but does no damage.
The troll claws you but does no damage. x2
The gnoll sergeant hits you but does no damage.
You are more poisoned.
You hit the yak.
You kill the yak!
Okawaru accepts your kill.
* * * LOW HITPOINT WARNING * * *
You feel sick.
You hit the gnoll sergeant.
You kill the gnoll sergeant!
Okawaru accepts your kill.
* * * LOW HITPOINT WARNING * * *
You feel sick.
You sock the gnoll!
The gnoll is severely wounded.
* * * LOW HITPOINT WARNING * * *
You feel sick. The gnoll hits you but does no damage.
The troll bites you but does no damage.
The troll claws you but does no damage. x2
You hit the gnoll but do no damage.
The gnoll is severely wounded.
You die...

#########################
.§§§§§§gT)§§§§§§.........
.§§§§§§§♣g.§§§§§.........
.§§§§#######§§§§.........
#§. #..#########.. # #..#
######.. ..... ........[
................
...).............
.......########.. #..


You could see a troll and 2 gnolls.

Vanquished Creatures
  Amaemon (D:8)
  Pikel (D:8)
  A cyclops (D:7)
  An orange demon (D:8)
  A troll (D:9)
  Grinder (D:3)
  A wyvern (D:7)
  3 yaks (D:9)
  Menkaure (D:4)
  2 wargs (D:9)
  A water moccasin (D:5)
  4 orc warriors
  A black bear (D:6)
  An ice beast (D:6)
  3 ogres
  3 sky beasts
  2 centaurs
  A kobold brigand (D:9)
  4 scorpions
  4 bullfrogs
  4 gnoll sergeants
  2 necrophages
  16 wights
  5 killer bees (D:5)
  6 howler monkeys
  3 hounds
  7 orc priests
  Ijyb (D:2)
  6 iguanas
  8 orc wizards
  Robin (D:3)
  22 gnolls
  5 adders
  2 shadow imps
  2 white imps
  2 ufetubi
  4 dart slugs
  28 orcs
  8 ball pythons
  6 bats
  4 endoplasms
  2 giant cockroaches
  15 goblins
  7 hobgoblins
  11 jackals
  14 kobolds
  3 quokkas
  3 frilled lizards
  7 rats
241 creatures vanquished.

Notes
Turn   | Place    | Note
-------+----------+-------------------------------------------
     0 | D:1      | Pimp the Armataur Fighter began the quest for the Orb.
     0 | D:1      | Reached XP level 1. HP: 19/19 MP: 1/1
    98 | D:1      | Reached XP level 2. HP: 23/26 MP: 2/2
   206 | D:1      | Reached skill level 4 in Armour
   300 | D:1      | Reached XP level 3. HP: 33/33 MP: 3/3
   346 | D:1      | Found Itoull's Weapon Emporium.
   578 | D:2      | Reached XP level 4. HP: 40/40 MP: 4/4
   887 | D:2      | Reached XP level 5. HP: 43/45 MP: 5/5
  1051 | D:3      | Noticed Ijyb
  1101 | D:2      | Killed Ijyb
  1192 | D:3      | Found a stormy altar of Qazlal.
  1192 | D:3      | Found an ornate altar of the Wu Jian Council.
  1331 | D:3      | Noticed Robin
  1358 | D:3      | Killed Robin
  1530 | D:3      | Noticed Grinder
  1537 | D:3      | Paralysed by Grinder for 2 turns
  1579 | D:3      | Reached skill level 5 in Armour
  2006 | D:3      | Paralysed by Grinder for 5 turns
  2019 | D:3      | Killed Grinder
  2020 | D:3      | Reached skill level 5 in Shields
  2020 | D:3      | Reached XP level 6. HP: 46/55 MP: 6/6
  2366 | D:4      | Noticed Menkaure
  2377 | D:4      | Killed Menkaure
  2378 | D:4      | Reached XP level 7. HP: 42/64 MP: 7/7
  3066 | D:4      | Found a glowing golden altar of the Shining One.
  3066 | D:4      | Found a shimmering blue altar of Sif Muna.
  3186 | D:5      | Entered Level 5 of the Dungeon
  3226 | D:5      | Reached skill level 6 in Armour
  3227 | D:5      | Found an iron altar of Okawaru.
  3235 | D:5      | Became a worshipper of Warmaster Okawaru
  3438 | D:5      | Identified the +7 quarterstaff "Ucholudd" {speed, *Noise
                  | rElec rF++ rCorr}
  3494 | D:5      | Reached skill level 1 in Staves
  3548 | D:5      | Reached XP level 8. HP: 67/71 MP: 8/8
  3635 | D:5      | Found a staircase to the Ecumenical Temple.
  3771 | D:5      | Reached skill level 5 in Fighting
  3928 | D:5      | Found Qiabi's General Store.
  3936 | D:5      | Bought a potion of haste for 130 gold pieces
  4099 | D:5      | Reached * piety under Okawaru
  4100 | D:5      | Reached skill level 1 in Dodging
  4416 | D:5      | Reached skill level 7 in Armour
  4585 | D:5      | Reached ** piety under Okawaru
  4825 | D:6      | Reached XP level 9. HP: 61/79 MP: 9/9
  5348 | D:6      | Found Bushrel's Book Emporium.
  5582 | D:7      | Noticed a cyclops
  5594 | D:7      | Killed a cyclops
  5595 | D:7      | Reached skill level 5 in Staves
  5739 | D:7      | Reached skill level 8 in Armour
  5952 | D:7      | Reached *** piety under Okawaru
  6932 | D:8      | Noticed Amaemon
  6932 | D:8      | Noticed an orange demon
  7022 | D:7      | Gained mutation: You occasionally lose the ability to read
                  | scrolls when taking damage. [potion of mutation]
  7022 | D:7      | Gained mutation: You sometimes lose your temper in combat.
                  | [potion of mutation]
  7022 | D:7      | Gained mutation: You are partially covered in iridescent
                  | scales. (AC +2) [potion of mutation]
  7137 | D:8      | Killed an orange demon
  7138 | D:8      | Reached XP level 10. HP: 60/89 MP: 10/10
  7320 | D:8      | Killed Amaemon
  7320 | D:8      | Reached **** piety under Okawaru
  7576 | D:8      | Found a staircase to the Lair.
  7654 | D:8      | Noticed Pikel
  7658 | D:8      | Killed Pikel
  7878 | D:8      | Reached skill level 9 in Armour
  8047 | D:8      | Found Ekoasa's Specific Store.
  8051 | D:8      | Found Gewkut Dimp's General Store.
  8232 | D:9      | Found Byoczix's Magic Scroll Shop.
  8421 | D:9      | Found a staircase to the Orcish Mines.
  8576 | D:9      | Reached ***** piety under Okawaru
  8811 | D:9      | Received a gift from Okawaru
  8817 | D:9      | HP: 6/138 [gnoll/+0 whip[a gnoll sergeant] (2)]
  8820 | D:9      | HP: 2/138 [poisoned by a gnoll sergeant]
  8821 | D:9      | Succumbed to a gnoll sergeant's poison

Illustrated notes

Levels and vault maps discovered:
D:1:      minmay_arrival_wavy_path, layout_rooms, serial_shops,
          nicolae_shop_bloodbath_and_beyond
D:2:      layout_basic
D:3:      layout_loops_ring, mainiacjoe_overflow_divided_tiny,
          kennysheep_cluttered_room, minivault_14, uniq_ijyb, uniq_grinder,
          uniq_robin
D:4:      layout_loops_ring, nicolae_overflow_two_pavilions,
          kennysheep_small_circle, uniq_menkaure
D:5:      layout_loops_corners, okawaru_gym_becter,
          minmay_temple_entry_proselytizer, serial_shops, shop
D:6:      layout_cave_pools, serial_shops, nicolae_shop_behind_doors
D:7:      layout_loops_corners
D:8:      minmay_bubble_buster, layout_rooms, dpeg_oklobed_lair,
          nicolae_specific_store, lemuel_flame_loot_1, uniq_pikel, uniq_amaemon
D:9:      layout_small_grid, erik_orc_3, nicolae_stop_n_shop_1,
          minmay_hedge_maze, st_stairs_3, grunt_ministairs_3

Skill      XL: |  1  2  3  4  5  6  7  8  9 10 |
---------------+-------------------------------+-----
Fighting       | 3 4 5 6 7 |  7.3
Armour         | 4 5 6 7 8 9 |  9.6
Axes           | 2 3 |  3.8
Shields        | 4 5 6 7 8 |  8.7
Staves         | 1 4 6 7 |  7.8
Dodging        | 2 3 4 |  4.2

Action                     |  1- 3 |  4- 6 |  7- 9 | 10-12 || total
---------------------------+-------+-------+-------+-------++-------
  Melee: War axe           |    84 |   162 |    61 |       ||   307
         Tailslap          |    11 |    17 |    35 |    14 ||    77
         Unarmed           |       |    13 |       |       ||    13
         Quarterstaff      |       |       |   228 |   176 ||   404
  Evoke: Wand              |       |     4 |     2 |       ||     6
    Use: Potion            |       |     7 |     7 |     5 ||    19
         Scroll            |       |     6 |     2 |     5 ||    13
   Stab: Fleeing           |       |       |       |     1 ||     1
 Armour: Scale mail        |    74 |    43 |       |       ||   117
         Plate armour      |       |    69 |   171 |   133 ||   373
         Skin              |       |    11 |       |    16 ||    27
  Dodge: Dodged            |    44 |    56 |    55 |    46 ||   201
  Block: Buckler           |    31 |    37 |     8 |       ||    76

Table legend: (Time is in decaauts)
 A = Elapsed time spent in this place.
 B = Non-inter-level travel time spent in this place.
 C = Inter-level travel time spent in this place.
 D = Time resting spent in this place.
 E = Time spent auto-exploring this place.
 F = Levels seen in this place.
 G = Mean time per level.
                   A        B        C        D        E       F      G
               +--------+--------+--------+--------+--------+-----+--------+
         Total |   8816 |   8510 |    306 |   1985 |   4883 |   9 |  979.6 |
       Dungeon |   8816 |   8510 |    306 |   1985 |   4883 |   9 |  979.6 |
               +--------+--------+--------+--------+--------+-----+--------+

Top non-repeatable levels by time:
     D:7: 1549 daAuts
     D:5: 1486 daAuts
     D:3: 1299 daAuts
     D:8: 1013 daAuts
     D:6: 914 daAuts
     D:4: 835 daAuts
     D:2: 632 daAuts
     D:9: 551 daAuts
     D:1: 533 daAuts
